 Dungeon Crawl Stone Soup version 0.18.1-48-g4cf74bf (webtiles) character file.

603602 nikopol the Slayer (level 26, 0/260 (261) HPs)
             Began as a Minotaur Berserker on July 26, 2016.
             Was the Champion of Trog.
             Succumbed to a golden dragon's poison gas
             ... on level 5 of the Depths on July 27, 2016.
             The game lasted 04:39:05 (62451 turns).

nikopol the Slayer (Minotaur Berserker)            Turns: 62451, Time: 04:39:06

HP:   0/260 (261)   AC: 36    Str: 35    XL:     26   Next: 56%
MP:   22/22         EV: 28    Int:  8    God:    Trog [******]
Gold: 4680          SH: 27    Dex: 21    Spells: 0 memorised, 25 levels left

rFire  + + .     SeeInvis +     x - +12 broad axe "Gixzin" {chop, *Drain rF+ rN+ Str+3}
rCold  . . .     Gourm    .     m - +1 plate armour of the Lotus Blossom {MR+ rCorr Str+4 Int+4}
rNeg   + + +     Faith    .     s - +2 shield {reflect}
rPois  .         Spirit   .     i - +2 hat {SInv}
rElec  +         Dismiss  .     K - +2 cloak
rCorr  +         Reflect  +     y - +2 pair of gloves {Str+3}
SustAt .         Harm     .     M - +2 pair of boots "Tafoam" {+Fly rF+ rN+ Stlth+}
MR     +++++                    J - +5 amulet of reflection
Stlth  ..........               z - ring of Shadows {Umbra +Inv rN+ SInv}
                                c - ring "Mygh" {rElec MR+ Dex+2 Slay+6}

@: lethally poisoned (0 -> -41), regenerating, wreathed by umbra, almost
entirely resistant to hostile enchantments, extremely unstealthy
A: retaliatory headbutt, horns 2, screaming 1, wild magic 1
a: Berserk, Trog's Hand, Brothers in Arms, Burn Spellbooks, Renounce Religion,
Evoke Invisibility, Evoke Flight
}: 3/15 runes: serpentine, barnacled, silver


You were on level 5 of the Depths.
You worshipped Trog.
Trog was exalted by your worship.
You were hungry.

You visited 9 branches of the dungeon, and saw 49 of its levels.
You also visited: Labyrinth, Sewer and Ossuary.

You collected 8389 gold pieces.
You spent 3709 gold pieces at shops.

Inventory:

Hand Weapons
 x - the +12 broad axe "Gixzin" (weapon) {chop, *Drain rF+ rN+ Str+3}
   (Trog gifted it to you on level 3 of the Elven Halls)

   It inflicts extra damage upon your enemies.
   It affects your strength (+3).
   It protects you from fire.
   It protects you from negative energy.
   It causes draining when unequipped.
Armour
 i - a +2 hat of see invisible (worn)
 m - the +1 plate armour of the Lotus Blossom (worn) {MR+ rCorr Str+4 Int+4}
   (You bought it in a shop on level 4 of the Vaults)

   It affects your strength (+4).
   It affects your intelligence (+4).
   It affects your resistance to hostile enchantments.
   It protects you from acid and corrosion.
 s - a +2 shield of reflection (worn)
 y - a +2 pair of gloves of strength (worn)
 K - a +2 cloak (worn)
 M - the +2 pair of boots "Tafoam" (worn) {+Fly rF+ rN+ Stlth+}
   (You bought it in a shop on level 5 of the Vaults)

   It protects you from fire.
   It protects you from negative energy.
   It lets you fly.
   It makes you more stealthy.
Jewellery
 c - the ring "Mygh" (left hand) {rElec MR+ Dex+2 Slay+6}
   (You took it off a vault guard on level 5 of the Vaults)

   [ring of slaying]

   It affects your dexterity (+2).
   It affects your accuracy and damage with ranged weapons and melee attacks
   (+6).
   It insulates you from electricity.
   It affects your resistance to hostile enchantments.
 r - an uncursed ring of protection from magic
 z - the ring of Shadows (right hand) {Umbra +Inv rN+ SInv}
   (You found it on level 3 of the Crypt)

   [ring of positive energy]

   It protects you from negative energy.
   It lets you see invisible.
   It lets you turn invisible.
 J - a +5 amulet of reflection (around neck)
 T - an uncursed ring of poison resistance
 Z - a +4 ring of dexterity
Wands
 o - a wand of disintegration (17/24)
 v - a wand of paralysis (11/24)
 L - a wand of teleportation (7/9)
 Q - a wand of disintegration (11/24)
 V - a wand of hasting (5/9)
 X - a wand of digging (24/24)
Scrolls
 a - 9 scrolls of recharging
 e - 13 scrolls of fog
 l - 20 scrolls of remove curse
 A - 24 scrolls of teleportation
 E - 9 scrolls of magic mapping
 H - a scroll of enchant weapon
 I - 15 scrolls of identify
 O - 2 scrolls of holy word
 P - 4 scrolls of summoning
 R - 4 scrolls of blinking
 S - 5 scrolls of fear
 Y - 7 scrolls of enchant armour
Potions
 b - 6 potions of ambrosia
 d - 13 potions of flight
 f - 18 potions of curing
 h - 8 potions of agility
 k - 2 potions of cancellation
 n - 11 potions of haste
 p - 4 potions of might
 q - a potion of magic
 u - 7 potions of heal wounds
 w - 3 potions of invisibility
 B - 5 potions of cure mutation
 C - 4 potions of brilliance
 D - a potion of berserk rage
 N - 2 potions of resistance
Comestibles
 g - 24 bread rations
 j - 31 meat rations
 t - a slice of pizza
 G - 9 royal jellies
 U - 38 beef jerkies
 W - 16 fruits


   Skills:
 + Level 26.0 Fighting
 - Level 18.6 Axes
 - Level 12.6 Throwing
 + Level 24.2 Armour
 + Level 22.6 Dodging
 + Level 25.8 Shields


You had 25 spell levels left.
You didn't know any spells.

Dungeon Overview and Level Annotations

Branches:
Dungeon (15/15)            Temple (0/1) D:6            Lair (8/8) D:10
 Shoals (4/4) Lair:5        Snake (4/4) Lair:3        Slime (0/6) Lair:6
    Orc (2/2) D:9             Elf (3/3) Orc:2        Vaults (5/5) D:14
  Crypt (3/3) Vaults:3       Tomb (0/3) Crypt:3      Depths (5/5) D:15
    Zot (0/5) Depths:5

Altars:
Cheibriados
Gozag
Kikubaaqudgha
Makhleb
Nemelex Xobeh
Okawaru
Pakellas
Vehumet
Yredelemnul
Zin
The Shining One
Beogh

Shops:
D:6 *[*   D:11 }   Orc:2 *[=   Vaults:4 [   Vaults:5 [   Depths:5 [

Portals:
Hell: Depths:1 Depths:2 Depths:3 Depths:4
Abyss: Depths:1
Pandemonium: Depths:3
Ziggurat: Depths:4
Trove: D:11 (give +5 demon blade)

Annotations:
Crypt:1 exclusion: curse skull


Innate Abilities, Weirdness & Mutations

You reflexively headbutt those who attack you in melee.
You have a pair of horns on your head.
You occasionally shout uncontrollably at your foes.
Your spells are a little harder to cast, but a little more powerful.


Message History

You slice the golden dragon!!
The golden dragon is almost dead.
You are engulfed in poison gas.
You are more poisoned.
* * * LOW HITPOINT WARNING * * *
You feel very sick.
You barely miss the golden dragon. Your headbutt misses the golden dragon.
The golden dragon is almost dead.
You are engulfed in poison gas.
You are more poisoned.
* * * LOW HITPOINT WARNING * * *
x2 You feel very sick.
The golden dragon barely misses you. You block the golden dragon's attack.
The golden dragon misses you.
Your skin crawls.
You feel resistant to hostile enchantments.
You feel slightly more hungry.
You are engulfed in poison gas.
You are more poisoned.
* * * LOW HITPOINT WARNING * * *
You die...

....≈≈≈≈≈≈≈≈≈≈≈≈≈≈≈≈≈≈≈≈≈≈≈≈≈≈≈≈≈
....≈≈#####≈≈≈≈≈≈≈≈≈≈≈≈≈≈≈≈≈≈≈≈≈≈
....≈≈#...#......................
..).≈≈#...#'#####################
.†.†≈≈###'#..
.[††≈≈≈.#.######################
....≈≈≈.# #.#.........#8..8#....
....≈≈≈.# #.#.§§§§....'....'/.8#
....≈≈≈.# #.'..§@∩....))...'..8#
....≈≈≈.# #.#..§D§§...#[...#....
....≈≈≈.# #'##'§#######)†..# ###
....≈≈≈.#........# #)...#
....≈≈≈.#........# #....#
...P≈≈###'#........ #)...#
....≈≈#...#############''''######
....≈≈#...#..(.........).........
....≈≈#####≈≈≈≈≈≈≈≈≈≈≈≈†...≈≈≈≈≈≈


You could see a golden dragon.

Vanquished Creatures
  Mara (Depths:1)
  Mennas (Vaults:2)
  3 ancient liches
  Margery (Depths:1)
  Saint Roka (Vaults:2)
  6 golden dragons
  Jory (Vaults:4)
  Nikola (Shoals:4)
  Xtahua (Vaults:3)
  A bone dragon (Crypt:3)
  6 liches
  Rupert (D:14)
  A tentacled monstrosity (Vaults:5)
  Jorgrun (Snake:3)
  Asterion (Vaults:1)
  6 titans (Vaults:5)
  3 deep elf blademasters
  3 quicksilver dragons (Vaults:5)
  4 sphinxes
  4 ancient champions (Crypt:2)
  8 shadow dragons
  Kirke (Snake:4)
  6 storm dragons
  5 revenants
  9 tengu reavers
  8 greater nagas
  Ilsuiw (Shoals:4)
  5 draconian monks (Depths:5)
  12 fire giants
  10 frost giants
  An iron dragon (Vaults:5)
  Maud (D:14)
  Donald (D:14)
  Louise (Elf:2)
  4 curse skulls
  8 deep elf sorcerers
  19 vault wardens
  6 deep elf elementalists
  A draconian shifter (Depths:5)
  Aizul (Snake:1)
  3 ghouls
  7 very ugly things
  A spriggan defender (Depths:2)
  Nessos (Orc:2)
  19 stone giants
  11 ironheart preservers
  5 war gargoyles
  The ghost of Joat the Carver, a journeyman MiBe of Trog (Snake:2)
  10 vampire knights
  4 green draconians (Depths:5)
  8 deep elf annihilators
  5 black draconians (Depths:5)
  3 white draconians (Depths:5)
  A purple draconian (Depths:5)
  3 salamander stormcallers
  6 deep elf demonologists
  Azrael (D:14)
  A red draconian (Depths:5)
  The ghost of amentoraz the Severer, a journeyman MiBe of Trog (D:12)
  5 spark wasps
  A merfolk javelineer (Shoals:4)
  11 deep elf death magi
  12 ettins
  Josephine (Orc:2)
  Snorg (D:13)
  6 eidola
  6 fire dragons
  A minotaur (Lab)
  A quicksilver dragon zombie (Crypt:3)
  6 merfolk impalers
  31 vault guards
  The ghost of Thomus the Cleaver, a journeyman HOFi of Okawaru (D:10)
  6 hydras
  6 entropy weavers
  4 great orbs of eyes
  A quicksilver dragon skeleton (Crypt:1)
  9 naga warriors
  14 yaktaur captains
  3 deep elf high priests
  A catoblepas (D:15)
  16 jiangshi
  2 rakshasas
  A hell beast (Depths:3)
  3 ice dragons
  3 spriggan air magi
  11 centaur warriors
  26 anacondas
  3 alligator snapping turtles
  5 tengu warriors
  7 merfolk avatars
  4 merfolk aquamancers
  4 death knights
  15 vampire magi
  4 deep troll shamans
  20 death yaks
  The ghost of Heedrag the Eclecticist, a journeyman DECj of Vehumet (Orc:2)
  9 ogre magi
  20 dancing weapons
  9 deep troll earth magi
  Nergalle (Lair:4)
  2 orc high priests
  4 spriggan berserkers
  8 naga sharpshooters
  10 shock serpents
  26 deep elf knights
  16 hell knights
  2 soul eaters
  4 fire crabs
  A hellephant skeleton (Crypt:1)
  51 skeletal warriors
  3 death drakes (Depths:5)
  A shadow wraith (Vaults:5)
  4 unseen horrors
  An anaconda zombie (Crypt:2)
  An iron troll (Depths:4)
  17 sea snakes
  14 naga ritualists
  A large abomination (Elf:3)
  5 flayed ghosts
  2 wizards (Vaults:3)
  27 deep trolls
  A swamp dragon (shapeshifter) (Vaults:2)
  32 harpies
  A hill giant (shapeshifter) (Vaults:5)
  17 ironbrand convokers
  A lindwurm (shapeshifter) (Vaults:5)
  17 necromancers
  Pikel (D:8)
  4 lindwurms
  13 orc knights
  12 phantasmal warriors
  10 deep elf archers
  2 shadow dragon skeletons (Crypt:3)
  28 fauns
  7 hill giants
  20 mana vipers
  5 cyclopes
  5 orc sorcerers (Orc:2)
  64 deep elf magi
  2 salamanders (shapeshifter)
  13 salamanders
  A sphinx skeleton (Crypt:1)
  43 ugly things
  6 wolf spiders
  7 oklob plants
  2 wolf spider zombies
  A cyclops (shapeshifter) (Depths:1)
  14 elephants
  2 fire giant skeletons
  5 hornets
  10 griffons
  Maurice (D:8)
  6 sirens
  2 iron dragon skeletons (Crypt:3)
  8 manticores
  An octopode (shapeshifter) (Vaults:2)
  56 black mambas
  10 naga magi
  16 vault sentinels
  2 water nymphs (Shoals:3)
  A rust devil (Depths:3)
  11 guardian serpents
  7 smoke demons (Crypt:3)
  A spiny frog (shapeshifter) (Depths:2)
  12 spiny frogs
  A torpor snail (Lair:7)
  The ghost of Joat the Magician, a novice DgCj (D:5)
  5 gargoyles
  8 komodo dragons
  A dire elephant skeleton (Crypt:1)
  5 spectral swamp worms (Depths:3)
  46 yaktaurs
  A death yak zombie (Crypt:2)
  5 kobold demonologists
  2 ice devils (Depths:3)
  12 freezing wraiths
  2 rime drakes
  A tengu conjurer (Depths:5)
  2 guardian mummies (Crypt:3)
  4 red devils (Crypt:3)
  5 trolls
  3 jumping spiders
  A queen bee (D:13)
  33 merfolk
  9 polar bears
  Prince Ribbit (D:8)
  A jumping spider (shapeshifter) (Elf:1)
  19 two-headed ogres
  4 giant leeches (Depths:1)
  Grinder (D:3)
  A polar bear (shapeshifter) (Vaults:1)
  5 raiju (Lair:8)
  10 boulder beetles
  5 wind drakes
  20 slime creatures
  A griffon zombie (Crypt:2)
  7 blink frogs
  An ushabti (Crypt:3)
  7 flying skulls
  14 snapping turtles
  Sigmund (D:2)
  6 shadows
  9 spriggans
  A spriggan (shapeshifter) (D:13)
  An ettin skeleton (Crypt:2)
  A yak (shapeshifter) (Vaults:1)
  27 water elementals
  4 tarantellas
  9 wyverns
  6 air elementals
  2 fire dragon skeletons
  2 ice dragon skeletons (Crypt:3)
  5 fire elementals
  20 redbacks
  13 wraiths
  36 yaks
  3 hogs (Snake:4)
  16 humans (D:14)
  A giant leech zombie (Crypt:1)
  9 hippogriffs
  9 basilisks
  2 fire bats (Shoals:4)
  2 steam dragons
  The ghost of Situis the Skirmisher, an amateur DsFi (Sewer)
  Menkaure (D:7)
  A basilisk (shapeshifter) (Elf:1)
  15 vampire mosquitoes
  8 hungry ghosts
  5 mottled dragons
  Edmund (D:4)
  4 swamp worms (Lair:1)
  11 wargs
  A soldier ant (shapeshifter) (Vaults:3)
  40 nagas
  A giant eyeball (shapeshifter) (Elf:3)
  9 hell hounds
  9 porcupines
  7 swamp drakes (Depths:5)
  31 water moccasins
  An infernal demonspawn skeleton (Crypt:1)
  A merfolk skeleton (Crypt:3)
  4 ice beasts
  Purgy (Sewer)
  A water nymph skeleton (Crypt:2)
  63 orc warriors
  3 sky beasts
  4 slaves (D:8)
  5 wasps
  A black bear (shapeshifter) (Depths:3)
  14 black bears
  A wasp (shapeshifter) (Elf:2)
  2 necrophages
  An eye of draining (shapeshifter) (Vaults:4)
  An eye of draining (D:13)
  46 ogres
  4 boggarts
  5 phantoms
  2 snapping turtle skeletons
  A snapping turtle zombie (Crypt:2)
  20 wolves
  A black mamba simulacrum (Crypt:2)
  23 centaurs
  17 crocodiles
  5 big kobolds
  20 giant frogs
  An earth elemental (Elf:2)
  An elf skeleton (Crypt:2)
  A water moccasin zombie (Ossuary)
  A hell hound zombie (Crypt:1)
  9 scorpions
  29 killer bees
  13 howler monkeys
  7 wights
  A hippogriff skeleton (Crypt:1)
  8 bog bodies (Ossuary)
  6 electric eels
  6 giant frog zombies
  7 centaur zombies
  8 crimson imps
  4 jellies
  2 quasits
  21 hounds
  32 orc priests
  A giant frog skeleton (D:4)
  A gnoll shaman (D:8)
  35 orc wizards
  Crazy Yiuf (D:4)
  6 centaur skeletons
  Natasha (twice) (D:2)
  9 iguanas
  An iguana (shapeshifter) (Vaults:5)
  15 worker ants
  A porcupine skeleton (Crypt:2)
  A killer bee zombie (Ossuary)
  38 sheep
  A felid skeleton (Crypt:1)
  5 hound zombies
  A hound skeleton (D:6)
  19 mummies
  3 worker ant zombies (Ossuary)
  13 gnolls
  50 river rats
  20 adders
  6 shadow imps
  An ooze (D:1)
  A worm zombie (D:7)
  An adder skeleton (D:4)
  An iguana skeleton (Crypt:2)
  17 worms
  4 dart slugs
  7 giant geckos
  106 orcs
  3 ball pythons
  A bat zombie (Crypt:2)
  5 giant cockroaches
  10 goblins
  4 hobgoblins
  10 jackals
  12 kobolds
  3 quokkas
  13 bats
  A giant gecko skeleton (D:7)
  2 giant gecko zombies (Ossuary)
  5 giant newts
  2 gnoll zombies (D:8)
  A goblin zombie (D:7)
  2 jackal zombies (Ossuary)
  2 quokka zombies (Ossuary)
  8 rats
  A rat zombie (D:7)
  A bush (Lair:8)
  6 crawling corpses (Elf:3)
  6 fungi
  37 plants
  2 withered plants (Crypt:3)
2699 creatures vanquished.

Vanquished Creatures (collateral kills)
  3 greater nagas
  4 deep elf demonologists (Elf:3)
  A deep elf annihilator (Elf:3)
  A vault guard (Vaults:5)
  A deep elf death mage (Elf:3)
  An anaconda (Snake:4)
  The ghost of shady the Nimble, a journeyman HuCj of Vehumet (Orc:2)
  An ogre mage (Vaults:5)
  A naga sharpshooter (Snake:4)
  A large abomination (Elf:3)
  A deep elf archer (Vaults:5)
  3 naga ritualists (Snake:4)
  2 deep elf magi
  3 fauns (Shoals:4)
  A wolf spider (Vaults:5)
  A manticore (Shoals:4)
  2 griffons (Shoals:4)
  A black mamba (Snake:4)
  A siren (Shoals:4)
  A water nymph (Shoals:4)
  A guardian serpent (Snake:4)
  2 naga magi
  2 merfolk (Shoals:4)
  A hippogriff (Shoals:4)
  4 nagas
41 creatures vanquished.

Vanquished Creatures (others)
  Vashnia (Snake:4)
  2 deep elf master archers (Elf:3)
  2 stone giants
  A merfolk javelineer (Shoals:2)
  3 yaktaur captains
  A rakshasa (D:13)
  6 satyrs
  A centaur warrior (D:13)
  An alligator snapping turtle (Shoals:3)
  5 naga sharpshooters
  A deep elf knight (Elf:2)
  A naga ritualist (Snake:3)
  A phantasmal warrior (Vaults:4)
  3 deep elf archers
  An ironbrand convoker (Vaults:1)
  2 cyclopes
  8 fauns
  A wizard (Depths:1)
  14 yaktaurs
  A merfolk (Shoals:4)
  2 humans (Snake:4)
  A redback (Depths:5)
  An ogre (Vaults:3)
  4 centaurs
  An orc (Vaults:2)
  10 fungi
  10 lost souls
  37 plants
  2 withered plants (Ossuary)
124 creatures vanquished.

Grand Total: 2864 creatures vanquished

Notes
Turn   | Place    | Note
--------------------------------------------------------------
     0 | D:1      | nikopol the Minotaur Berserker began the quest for the Orb.
     0 | D:1      | Reached XP level 1. HP: 19/19 MP: 0/0
   170 | D:1      | Reached XP level 2. HP: 9/27 MP: 1/1
   506 | D:1      | Reached skill level 4 in Fighting
   630 | D:1      | Reached XP level 3. HP: 16/33 MP: 2/2
   766 | D:1      | Reached ** piety under Trog
   884 | D:2      | Found an oddly glowing altar of Pakellas.
   884 | D:2      | Noticed Sigmund
   890 | D:2      | Killed Sigmund
   890 | D:2      | Reached skill level 5 in Axes
   890 | D:2      | Reached skill level 1 in Shields
   890 | D:2      | Reached XP level 4. HP: 41/41 MP: 3/3
   890 | D:2      | Reached XP level 5. HP: 47/47 MP: 4/4
  1090 | D:2      | Noticed Natasha
  1107 | D:2      | Killed Natasha
  1264 | D:2      | Reached XP level 6. HP: 53/53 MP: 5/5
  1407 | D:2      | Noticed Natasha
  1412 | D:2      | Killed Natasha
  1569 | D:3      | Noticed Grinder
  1583 | D:3      | Paralysed by Grinder for 5 turns
  1588 | D:3      | HP: 2/82 [Grinder (3)]
  1591 | D:3      | Killed Grinder
  1591 | D:3      | Reached skill level 5 in Fighting
  1591 | D:3      | Reached XP level 7. HP: 3/61 MP: 6/6
  1779 | D:3      | Found a sparkling altar of Nemelex Xobeh.
  1921 | D:3      | Reached *** piety under Trog
  2509 | D:4      | Reached skill level 5 in Armour
  2570 | D:4      | Noticed Edmund
  2583 | D:4      | Killed Edmund
  2752 | D:4      | Found a glowing drain.
  2757 | Sewer    | Entered a sewer
  2757 | Sewer    | Noticed Situis's ghost (amateur DsFi)
  2768 | Sewer    | Killed Situis's ghost
  2768 | Sewer    | Reached XP level 8. HP: 70/70 MP: 7/7
  2831 | Sewer    | Noticed Purgy
  2840 | Sewer    | Killed Purgy
  2944 | D:4      | Reached skill level 6 in Fighting
  3343 | D:4      | Noticed Crazy Yiuf
  3348 | D:4      | Killed Crazy Yiuf
  3464 | D:5      | Entered Level 5 of the Dungeon
  3527 | D:5      | Reached **** piety under Trog
  3527 | D:5      | Reached skill level 5 in Dodging
  3752 | D:5      | Noticed Joat's ghost (novice DgCj)
  3763 | D:5      | Killed Joat's ghost
  3763 | D:5      | Reached skill level 5 in Shields
  3769 | D:5      | Reached XP level 9. HP: 78/78 MP: 8/8
  3867 | D:5      | Found an iron altar of Okawaru.
  3899 | D:5      | Found an opulent altar of Gozag.
  4056 | D:5      | Noticed a troll
  4061 | D:5      | Reached skill level 7 in Fighting
  4075 | D:5      | Killed a troll
  4600 | D:6      | Found an ancient bone altar of Kikubaaqudgha.
  4789 | D:6      | Found a staircase to the Ecumenical Temple.
  4808 | D:6      | Found Wejea's General Store.
  4815 | D:6      | Found Kociokog's Antique Armour Shoppe.
  5028 | D:6      | Reached skill level 10 in Axes
  5230 | D:6      | Found Revaq's General Store.
  5335 | D:7      | Found a sand-covered staircase.
  5375 | Ossuary  | Entered an ossuary
  5549 | Ossuary  | Reached ***** piety under Trog
  5753 | Ossuary  | Reached skill level 8 in Fighting
  5783 | Ossuary  | Reached XP level 10. HP: 88/88 MP: 9/9
  5992 | D:7      | Noticed Menkaure
  6001 | D:7      | Killed Menkaure
  6253 | D:6      | Bought a +4 broad axe of chopping for 364 gold pieces
  6399 | D:7      | Found a radiant altar of Vehumet.
  6400 | D:7      | Found a burning altar of Makhleb.
  6751 | D:8      | Received a gift from Trog
  6768 | D:8      | Noticed Pikel
  6776 | D:8      | Reached skill level 9 in Fighting
  6787 | D:8      | Noticed Maurice
  6805 | D:8      | Killed Pikel
  6866 | D:8      | Killed Maurice
  6914 | D:8      | Found a burning altar of Makhleb.
  7073 | D:8      | Reached XP level 11. HP: 89/97 MP: 10/10
  7124 | D:8      | Noticed Prince Ribbit
  7142 | D:8      | Killed Prince Ribbit
  7167 | D:8      | Found a basalt altar of Yredelemnul.
  7422 | D:9      | Found a staircase to the Orcish Mines.
  7441 | D:9      | Found a roughly hewn altar of Beogh.
  7609 | D:9      | Found a glowing silver altar of Zin.
  8045 | D:10     | Entered Level 10 of the Dungeon
  8219 | D:10     | Noticed Thomus's ghost (journeyman HOFi)
  8230 | D:10     | Killed Thomus's ghost
  8368 | D:10     | Found a staircase to the Lair.
  8797 | D:10     | Noticed a hill giant
  8803 | D:10     | Killed a hill giant
  8864 | Lair:1   | Entered Level 1 of the Lair of Beasts
  9684 | Lair:1   | Reached skill level 10 in Fighting
  9836 | Lair:2   | Received a gift from Trog
 10207 | Lair:2   | Noticed an eight-headed hydra
 10216 | Lair:2   | Killed a 13-headed hydra
 10216 | Lair:2   | Reached skill level 10 in Armour
 10221 | Lair:2   | Reached XP level 12. HP: 68/107 MP: 11/11
 10405 | Lair:2   | Reached ****** piety under Trog
 10567 | Lair:3   | Found a staircase to the Snake Pit.
 11281 | Lair:3   | Received a gift from Trog
 11529 | Lair:3   | Reached skill level 1 in Throwing
 11952 | Lair:3   | Reached skill level 10 in Shields
 12468 | Lair:4   | Noticed a death yak
 12482 | Lair:4   | Killed a death yak
 12482 | Lair:4   | Reached skill level 11 in Fighting
 12661 | Lair:4   | Identified Piaqaeb's Papyrus of Conjuration
 12668 | Lair:4   | Noticed Nergalle
 12674 | Lair:4   | Reached skill level 15 in Axes
 12710 | Lair:4   | Killed Nergalle
 13469 | Lair:5   | Found a staircase to the Shoals.
 13521 | Lair:5   | Noticed a four-headed hydra
 13529 | Lair:5   | Killed a nine-headed hydra
 13560 | Lair:5   | Reached XP level 13. HP: 85/116 MP: 12/12
 14540 | Lair:6   | Found a staircase to the Slime Pits.
 14878 | Lair:6   | Reached skill level 10 in Dodging
 15216 | Lair:7   | Received a gift from Trog
 15266 | Lair:7   | Gained mutation: Your spells are a little harder to cast, but a little more powerful. [potion of beneficial mutation]
 16066 | Lair:8   | Entered Level 8 of the Lair of Beasts
 16449 | Lair:8   | Reached skill level 5 in Throwing
 16450 | Lair:8   | Reached skill level 12 in Fighting
 16655 | Lair:8   | Received a gift from Trog
 16981 | Lair:8   | Reached XP level 14. HP: 87/126 MP: 13/13
 17365 | Lair:8   | Received a gift from Trog
 18095 | Lair:8   | Received a gift from Trog
 18559 | Lair:8   | Received a gift from Trog
 19368 | Orc:1    | Entered Level 1 of the Orcish Mines
 19512 | Orc:2    | Entered Level 2 of the Orcish Mines
 19512 | Orc:2    | Noticed Josephine
 19523 | Orc:2    | Killed Josephine
 19570 | Orc:2    | Found a staircase to the Elven Halls.
 19625 | Orc:2    | Received a gift from Trog
 19757 | Orc:2    | Reached skill level 13 in Fighting
 19780 | Orc:2    | Noticed Heedrag's ghost (journeyman DECj)
 19781 | Orc:2    | Found Caufer's Antique Armour Shoppe.
 19781 | Orc:2    | Found Ejyowy's Food Emporium.
 19781 | Orc:2    | Found Ypeduicaiff's Assorted Antiques.
 19819 | Orc:2    | Killed Heedrag's ghost
 19819 | Orc:2    | Reached XP level 15. HP: 135/135 MP: 14/14
 19998 | Orc:2    | Found Mibly's Jewellery Shoppe.
 20004 | Orc:2    | Received a gift from Trog
 20079 | Orc:2    | Noticed shady's ghost (journeyman HuCj)
 20110 | Orc:2    | Killed shady's ghost
 20369 | Orc:2    | Noticed Nessos
 20387 | Orc:2    | Killed Nessos
 21365 | Orc:2    | Bought a warped scale mail for 261 gold pieces
 21376 | Orc:2    | Identified the +3 scale mail of Owkump {Dex+4} (You bought it in a shop on level 2 of the Orcish Mines)
 21383 | Orc:2    | Bought an encrusted ring mail for 261 gold pieces
 21406 | Orc:2    | Identified the +4 ring mail of Byeblum {*Contam rN+ Dex+2} (You bought it in a shop on level 2 of the Orcish Mines)
 21471 | Orc:1    | Gained mutation: You occasionally shout uncontrollably at your foes. [mutagenic glow]
 21595 | D:6      | Bought a spiked ring mail for 225 gold pieces
 21606 | D:6      | Identified the +3 ring mail of Dogma {rF+ Int+2 Slay+3} (You bought it in a shop on level 6 of the Dungeon)
 21961 | D:11     | Received a gift from Trog
 21974 | D:11     | Found Kikhluna's Gadget Shop.
 22031 | D:11     | Found a portal to a secret trove of treasure.
 22860 | D:12     | Noticed amentoraz's ghost (journeyman MiBe)
 22871 | D:12     | Killed amentoraz's ghost
 23675 | D:13     | Noticed a tengu reaver
 23693 | D:13     | Killed a tengu reaver
 23693 | D:13     | Received a gift from Trog
 23761 | D:13     | Got a coiled graven amulet
 24228 | D:13     | Noticed Snorg
 24238 | D:13     | Killed Snorg
 24534 | D:13     | Received a gift from Trog
 25290 | D:14     | Found a gate to the Vaults.
 25290 | D:14     | Noticed Donald
 25290 | D:14     | Noticed Rupert
 25290 | D:14     | Noticed Azrael
 25301 | D:14     | Killed Azrael
 25302 | D:14     | Killed Rupert
 25304 | D:14     | Reached XP level 16. HP: 140/145 MP: 15/15
 25306 | D:14     | Killed Donald
 25365 | D:14     | Found a labyrinth entrance.
 25375 | Lab      | Entered a labyrinth
 26153 | Lab      | Received a gift from Trog
 26168 | Lab      | Got a dazzling scale mail
 26200 | Lab      | Identified the +4 scale mail of Syphod {MR+ MP+9 Stlth+} (You took it off a minotaur in a labyrinth)
 26202 | Lab      | Identified the amulet "Nucvu" {RegenMP rF+ Str+4} (You took it off a salamander stormcaller on level 13 of the Dungeon)
 26241 | D:14     | Noticed Maud
 26251 | D:14     | Killed Maud
 26299 | D:14     | Found a snail-covered altar of Cheibriados.
 26305 | D:14     | Reached skill level 14 in Fighting
 26376 | D:14     | Received a gift from Trog
 26634 | D:15     | Entered Level 15 of the Dungeon
 26726 | D:15     | Found a glowing golden altar of the Shining One.
 26767 | D:15     | Received a gift from Trog
 26778 | D:15     | Noticed a storm dragon
 26797 | D:15     | Killed a storm dragon
 26881 | D:15     | Found a staircase to the Depths.
 27761 | Snake:1  | Entered Level 1 of the Snake Pit
 27761 | Snake:1  | Noticed Aizul
 27776 | Snake:1  | Killed Aizul
 28350 | Snake:1  | Received a gift from Trog
 28663 | Snake:2  | Received a gift from Trog
 28828 | Snake:2  | Noticed Joat's ghost (journeyman MiBe)
 28850 | Snake:2  | Killed Joat's ghost
 28853 | Snake:2  | Reached skill level 15 in Shields
 28883 | Snake:2  | Received a gift from Trog
 29163 | Snake:2  | Reached XP level 17. HP: 104/154 MP: 16/16
 29628 | Snake:2  | Reached skill level 10 in Throwing
 29633 | Snake:2  | Received a gift from Trog
 30206 | Snake:3  | Reached skill level 15 in Fighting
 30500 | Snake:3  | Noticed Jorgrun
 30521 | Snake:3  | Killed Jorgrun
 30882 | Snake:4  | Entered Level 4 of the Snake Pit
 30922 | Snake:4  | Received a gift from Trog
 31239 | Snake:4  | Noticed Vashnia
 31250 | Snake:4  | Killed Vashnia
 31259 | Snake:4  | Reached skill level 15 in Armour
 31480 | Snake:4  | Noticed Kirke
 31492 | Snake:4  | Killed Kirke
 32134 | Snake:4  | Reached XP level 18. HP: 47/166 MP: 17/17
 32137 | Snake:4  | HP: 2/166 [naga sharpshooter/bolt (12)]
 32152 | Snake:4  | Received a gift from Trog
 32231 | Snake:4  | Got a brightly glowing hand axe {god gift}
 32236 | Snake:4  | Identified the +2 hand axe "Kiosh" {freeze, rElec rF+ rC- Stlth+} (Trog gifted it to you on level 4 of the Snake Pit)
 33003 | Snake:4  | Received a gift from Trog
 33022 | Snake:4  | Reached skill level 16 in Fighting
 33350 | Snake:4  | Got a serpentine rune of Zot
 33622 | Elf:1    | Entered Level 1 of the Elven Halls
 34142 | Elf:1    | Received a gift from Trog
 34449 | Elf:2    | Received a gift from Trog
 34651 | Elf:2    | Found a huge runed gate.
 34651 | Elf:2    | Found a huge runed gate.
 34651 | Elf:2    | Found a huge runed gate.
 34651 | Elf:2    | Found a huge runed gate.
 34659 | Elf:2    | Found a huge runed gate.
 34706 | Elf:2    | Received a gift from Trog
 34774 | Elf:2    | Noticed Louise
 34789 | Elf:2    | Killed Louise
 34789 | Elf:2    | Reached skill level 15 in Dodging
 35525 | Elf:2    | Reached XP level 19. HP: 154/174 MP: 9/18
 36313 | Elf:3    | Entered Level 3 of the Elven Halls
 36334 | Elf:3    | Received a gift from Trog
 36358 | Elf:3    | Noticed a Brimstone Fiend
 37011 | Elf:3    | Received a gift from Trog
 37049 | Elf:3    | Received a gift from Trog
 37066 | Elf:3    | Noticed a Tzitzimitl
 37073 | Elf:3    | Received a gift from Trog
 37417 | Elf:3    | Got a shimmering broad axe {god gift}
 37419 | Elf:3    | Identified the +12 broad axe "Gixzin" {chop, *Drain rF+ rN+ Str+3} (Trog gifted it to you on level 3 of the Elven Halls)
 37656 | Elf:3    | Got an iridescent hand axe
 37658 | Elf:3    | Identified the +4 hand axe of the People {venom, rF+ rC+ MR- Dex+3} (You found it on level 3 of the Elven Halls)
 37709 | Elf:3    | Got a crude platinum amulet
 37768 | Elf:3    | Identified the amulet of the Zebra {Harm *Drain Dex+4} (You found it on level 3 of the Elven Halls)
 37951 | Elf:3    | Identified the Disquisition on Envenoming
 38273 | Elf:3    | Reached skill level 17 in Fighting
 38417 | Elf:2    | Received a gift from Trog
 38760 | Shoals:1 | Entered Level 1 of the Shoals
 39815 | Shoals:2 | Received a gift from Trog
 40484 | Shoals:3 | Reached XP level 20. HP: 150/184 MP: 19/19
 40573 | Shoals:3 | Received a gift from Trog
 41817 | Shoals:4 | Entered Level 4 of the Shoals
 41830 | Shoals:4 | Received a gift from Trog
 41864 | Shoals:4 | Noticed Ilsuiw
 42203 | Shoals:4 | Killed Ilsuiw
 42332 | Shoals:4 | Received a gift from Trog
 42642 | Shoals:4 | Reached skill level 18 in Fighting
 43126 | Shoals:4 | Got a barnacled rune of Zot
 43240 | Shoals:4 | Noticed Nikola
 43257 | Shoals:4 | Killed Nikola
 43859 | Vaults:1 | Entered Level 1 of the Vaults
 43946 | Vaults:1 | Noticed Asterion
 43956 | Vaults:1 | Killed Asterion
 43956 | Vaults:1 | Received a gift from Trog
 44052 | Vaults:1 | Paralysed by a hornet for 3 turns
 44758 | Vaults:1 | Reached XP level 21. HP: 138/195 MP: 20/20
 45388 | Vaults:1 | Received a gift from Trog
 45948 | Vaults:2 | Noticed Saint Roka
 45983 | Vaults:2 | Noticed Mennas
 46015 | Vaults:2 | Killed Mennas
 46018 | Vaults:2 | Reached skill level 19 in Fighting
 46524 | Vaults:2 | Received a gift from Trog
 46599 | Vaults:2 | Killed Saint Roka
 46644 | Vaults:2 | Got a polished plate armour
 46655 | Vaults:2 | Identified the +3 plate armour of Lifelessness {MR++} (You found it on level 2 of the Vaults)
 46699 | Vaults:2 | Found Upoquf's Book Emporium.
 46933 | Vaults:2 | Received a gift from Trog
 47478 | Vaults:3 | Received a gift from Trog
 47508 | Vaults:3 | Reached XP level 22. HP: 144/206 MP: 21/21
 47612 | Vaults:3 | Noticed Xtahua
 47623 | Vaults:3 | Killed Xtahua
 48008 | Vaults:3 | Found a staircase to the Crypt.
 48036 | Vaults:3 | Received a gift from Trog
 48266 | Vaults:3 | Found a radiant altar of Vehumet.
 48287 | Vaults:3 | Got a pitted hat
 48298 | Vaults:3 | Identified the cursed +0 hat of Afotteu {Int+3 Slay+3} (You found it on level 3 of the Vaults)
 48781 | Vaults:4 | Received a gift from Trog
 48782 | Vaults:4 | Reached skill level 20 in Fighting
 48792 | Vaults:4 | Got a crystal demon whip {god gift}
 48793 | Vaults:4 | Identified the +10 demon whip "Woisef" {freeze, Int+4} (Trog gifted it to you on level 4 of the Vaults)
 48870 | Vaults:4 | Found Dafompo's Antique Armour Boutique.
 48899 | Vaults:4 | Bought a crude plate armour for 812 gold pieces
 48910 | Vaults:4 | Identified the +1 plate armour of the Lotus Blossom {MR+ rCorr Str+4 Int+4} (You bought it in a shop on level 4 of the Vaults)
 48973 | Vaults:4 | Noticed Jory
 48990 | Vaults:4 | Killed Jory
 49580 | Vaults:4 | Received a gift from Trog
 49788 | Vaults:5 | Entered Level 5 of the Vaults
 49902 | Vaults:5 | Noticed an ancient lich
 49925 | Vaults:5 | Killed an ancient lich
 49929 | Vaults:5 | Noticed a golden dragon
 49952 | Vaults:5 | Killed a golden dragon
 49996 | Vaults:5 | Got a twitching marble ring
 50051 | Vaults:5 | Reached XP level 23. HP: 149/217 MP: 22/22
 50264 | Vaults:5 | Received a gift from Trog
 50383 | Vaults:5 | Identified the ring of Harmony {Ice Str+3 Dex+3} (You took it off a vault sentinel on level 5 of the Vaults)
 50477 | Vaults:5 | Found Urhe's Antique Armour Shoppe.
 50483 | Vaults:5 | Bought a pair of bloodstained boots for 361 gold pieces
 50493 | Vaults:5 | Identified the +2 pair of boots "Tafoam" {+Fly rF+ rN+ Stlth+} (You bought it in a shop on level 5 of the Vaults)
 50498 | Vaults:5 | Bought an ancient cloak for 361 gold pieces
 50498 | Vaults:5 | Bought a polished plate armour for 1064 gold pieces
 50510 | Vaults:5 | Identified the -2 cloak of Daisies {Str+6} (You bought it in a shop on level 5 of the Vaults)
 50627 | Vaults:5 | Received a gift from Trog
 50680 | Vaults:5 | Identified the +1 plate armour of the World {rF+ Str+4} (You bought it in a shop on level 5 of the Vaults)
 50936 | Vaults:5 | Reached skill level 21 in Fighting
 50970 | Vaults:5 | Received a gift from Trog
 51021 | Vaults:5 | Received a gift from Trog
 51612 | Vaults:5 | Reached skill level 22 in Fighting
 51911 | Vaults:5 | Received a gift from Trog
 52165 | Vaults:5 | Got a heavily runed glass ring
 52279 | Vaults:5 | Reached XP level 24. HP: 121/232 MP: 22/22
 52743 | Vaults:5 | Got a silver rune of Zot
 52928 | Crypt:1  | Entered Level 1 of the Crypt
 54229 | Crypt:2  | Reached skill level 23 in Fighting
 54475 | Crypt:2  | Found an ancient bone altar of Kikubaaqudgha.
 54667 | Crypt:1  | Received a gift from Trog
 55029 | Crypt:3  | Entered Level 3 of the Crypt
 55910 | Crypt:3  | Identified the ring "Mygh" {rElec MR+ Dex+2 Slay+6} (You took it off a vault guard on level 5 of the Vaults)
 56013 | Crypt:3  | Found a staircase to the Tomb.
 56013 | Crypt:3  | Noticed an ancient lich
 56016 | Crypt:3  | Killed an ancient lich
 56016 | Crypt:3  | Reached skill level 24 in Fighting
 56584 | Crypt:3  | Found an ancient bone altar of Kikubaaqudgha.
 56643 | Crypt:3  | Noticed an ancient lich
 56667 | Crypt:3  | Reached XP level 25. HP: 246/246 MP: 22/22
 56669 | Crypt:3  | Killed an ancient lich
 57464 | Depths:1 | Entered Level 1 of the Depths
 57548 | Depths:1 | Received a gift from Trog
 58044 | Depths:1 | Noticed Mara
 58054 | Depths:1 | Killed Mara
 58218 | Depths:1 | Noticed Margery
 58219 | Depths:1 | Found a gateway to Hell.
 58232 | Depths:1 | Killed Margery
 58639 | Depths:1 | Found a one-way gate to the infinite horrors of the Abyss.
 58764 | Depths:2 | Received a gift from Trog
 58773 | Depths:2 | Reached skill level 25 in Fighting
 58898 | Depths:2 | Received a gift from Trog
 59212 | Depths:2 | Got a spiked ice dragon armour
 59213 | Depths:2 | Identified the +1 ice dragon armour of Mezcal {rF- rC++ rCorr Int+5} (You found it on level 2 of the Depths)
 59899 | Depths:3 | Received a gift from Trog
 59903 | Depths:3 | Got an encrusted broad axe {god gift}
 59904 | Depths:3 | Identified the +1 broad axe of Duty {chop, rPois rF+ Int-3} (Trog gifted it to you on level 3 of the Depths)
 60268 | Depths:3 | Found a one-way gate leading to the halls of Pandemonium.
 61163 | Depths:4 | Reached XP level 26. HP: 251/259 MP: 22/22
 61237 | Depths:4 | Found a gateway to a ziggurat.
 61245 | Depths:4 | Received a gift from Trog
 61338 | Depths:4 | Received a gift from Trog
 61455 | Depths:4 | You fall through a shaft!
 61455 | Depths:5 | Entered Level 5 of the Depths
 61574 | Depths:5 | Found Wiutehae's Antique Armour Emporium.
 62149 | Depths:5 | Received a gift from Trog
 62335 | Depths:5 | Reached skill level 26 in Fighting
 62338 | Depths:5 | Found a gate to the Realm of Zot.
 62450 | Depths:5 | HP: 13/260 [poisoned by a golden dragon (poison gas)]
 62451 | Depths:5 | HP: 6/260 [golden dragon] (7)]
 62451 | Depths:5 | Succumbed to a golden dragon's poison gas

Skill      XL: |  1  2  3  4  5  6  7  8  9 10 11 12 13 14 15 16 17 18 19 20 21 22 23 24 25 26 |
---------------+-------------------------------------------------------------------------------+-----
Axes           | 4 5 6 7 9 10 12 13 15 16 17 18 | 18.6
Fighting       | 4 5 6 8 9 10 11 12 13 14 15 16 17 18 19 20 22 24 25 26 | 26.0
Armour         | 3 4 5 6 7 8 10 11 12 13 14 15 16 17 18 19 20 21 22 23 24 | 24.2
Dodging        | 3 4 5 6 7 8 9 10 11 12 13 14 15 17 18 19 20 21 22 | 22.6
Shields        | 1 2 3 5 6 8 9 10 11 12 13 15 16 18 19 20 21 22 23 24 25 | 25.8
Throwing       | 3 5 7 8 9 10 11 12 | 12.6

Action                   |  1- 3 |  4- 6 |  7- 9 | 10-12 | 13-15 | 16-18 | 19-21 | 22-24 | 25-27 || total
-------------------------+-------+-------+-------+-------+-------+-------+-------+-------+-------++-------
Melee: Hand axe          |    69 |    92 |   522 |    88 |       |       |       |       |       ||   771
       Headbutt          |     6 |    14 |   127 |   181 |   270 |   261 |   402 |   529 |   280 ||  2070
       Broad axe         |       |       |       |   733 |  1150 |  1045 |  1407 |  1442 |   798 ||  6575
Throw: Javelin           |       |       |       |    10 |    21 |       |       |       |       ||    31
       Tomahawk          |       |       |       |       |    24 |   180 |   131 |    44 |     6 ||   385
Invok: Berserk           |     2 |     2 |     5 |     4 |     6 |     1 |     4 |     3 |     2 ||    29
       Burn Spellbooks   |       |       |       |     9 |     1 |     6 |     5 |     8 |     4 ||    33
       Trog's Hand       |       |       |       |     1 |     2 |     3 |     3 |     2 |     1 ||    12
       Brothers in Arms  |       |       |       |       |     1 |     3 |     4 |     3 |       ||    11
 Abil: Evoke Flight      |       |       |       |       |       |       |       |       |     3 ||     3
Evoke: Wand              |       |       |       |       |       |     1 |       |       |       ||     1
  Use: Scroll            |       |       |     7 |    15 |    20 |    15 |     7 |     8 |     5 ||    77
       Potion            |       |       |       |       |     2 |     2 |     2 |       |       ||     6
 Stab: Distracted        |       |       |       |       |       |     1 |       |     1 |       ||     2
  Eat: Chunk             |     1 |     5 |    18 |    29 |    41 |    32 |    42 |    20 |    17 ||   205
       Pizza             |       |       |     1 |     1 |     1 |     3 |     2 |     5 |     1 ||    14
       Fruit             |       |       |       |     2 |     1 |       |       |       |       ||     3
       Royal jelly       |       |       |       |       |       |       |       |     3 |     2 ||     5
Armor: Animal skin       |    12 |       |       |       |       |       |       |       |       ||    12
       Ring mail         |       |    27 |    70 |       |    60 |     6 |       |       |       ||   163
       Scale mail        |       |       |    75 |    45 |       |   164 |    37 |       |       ||   321
       Plate armour      |       |       |       |   219 |   312 |       |    24 |   236 |    98 ||   889
       Chain mail        |       |       |       |       |       |       |   217 |       |       ||   217
Dodge: Dodged            |    44 |    45 |   225 |   226 |   411 |   401 |   503 |   371 |   261 ||  2487
Block: Buckler           |    11 |    20 |   167 |   234 |   629 |    10 |       |       |       ||  1071
       Reflection        |       |       |       |       |    30 |   137 |   286 |    78 |    58 ||   589
       Shield            |       |       |       |       |       |   978 |  1467 |  1177 |   624 ||  4246
